 Dungeon Crawl Stone Soup version 0.25.1-2-g60ff931df9 (webtiles) character file.

Game seed: 11378606513459054080

975580 Delamore the Conqueror (level 27, -6/199 HPs)
             Began as a Gargoyle Fighter on Oct 10, 2020.
             Was the Champion of Zin.
             Mangled by a cacodemon (13 damage)
             ... while paralysed
             ... in Pandemonium.
             The game lasted 02:45:59 (66370 turns).

Delamore the Conqueror (Gargoyle Fighter)          Turns: 66370, Time: 02:46:00

Health: -6/199     AC: 68    Str: 42    XL:     27
Magic:  1/39       EV:  2    Int: -1 (16) God:    Zin [******]
Gold:   7080       SH:  0    Dex: 14    Spells: 26/26 levels left

rFire    + + +     SeeInvis +   G - +6 shillelagh "Devastator" {shatter}
rCold    + + .     Gourm    .   D - +8 tower shield of Masochism {Dex+4}
rNeg     + . .     Faith    .   A - +15 Maxwell's patent armour {-Cast -Tele rElec MR+ rCorr}
rPois    ∞         Spirit   .   q - +2 helmet of Compression {Regen+ rCorr Int+4 Dex+2}
rElec    +         Reflect  +   g - scarf {rC+ rF+}
rCorr    +         Harm     .   J - +2 pair of gloves "Zogoq" {+Inv Str+3 Dex+2 SInv}
MR       ++++.     Rnd*Rage +   X - +0 pair of boots of Catatonia {rF+++ Regen+ Dex-3 Slay+6} (curse) Stlth ..........NoTele +
                                p - amulet "Jogar" {Reflect rElec MR+ Str+7 Int-3 SH+5}
HPRegen  1.23/turn NoCast   +   i - +4 ring of slaying
MPRegen  0.26/turn              a - ring "Mogy" {rF++ Str+5 SInv}

@: paralysed, berserk cooldown, slowed, lost intelligence, studying 2 skills
A: big wings, berserk 3, blurry vision 1, cold resistance 1, deterioration 1,
negative energy resistance 1, electricity resistance, unbreathing, petrification
resistance, rot immunity, AC +20
}: 8/15 runes: decaying, silver, abyssal, demonic, magical, fiery, dark,
gossamer
a: Fly, Recite, Vitalisation, Imprison, Sanctuary, Donate Gold, Renounce
Religion, Evoke Invisibility


You were in Pandemonium.
You worshipped Zin.
Zin was exalted by your worship.
You were hungry.

You visited 12 branches of the dungeon, and saw 52 of its levels.
You visited Pandemonium 1 time, and saw 13 of its levels.
You visited the Abyss 1 time.
You also visited: Trove and Gauntlet.

You collected 12523 gold pieces.
You spent 1751 gold pieces at shops.
You donated 3692 gold pieces to Zin.

Inventory:

Hand Weapons
 G - the +6 shillelagh "Devastator" (weapon) {shatter}
   (You found it in a Gauntlet)
Missiles
 P - 63 javelins
 Z - 23 silver javelins (quivered)
Armour
 c - +0 gold dragon scales
 g - a scarf of resistance (worn)
 q - the +2 helmet of Compression (worn) {Regen+ rCorr Int+4 Dex+2}
   (You bought it in a shop on level 2 of the Orcish Mines)

   It affects your intelligence (+4).
   It affects your dexterity (+2).
   It increases your rate of regeneration.
   It provides partial protection from all sources of acid and corrosion.
 A - the +15 Maxwell's patent armour (worn) {-Cast -Tele rElec MR+ rCorr}
   (Okawaru gifted it to you on level 2 of the Orcish Mines)

   It insulates you from electricity.
   It affects your resistance to hostile enchantments.
   It prevents spellcasting.
   It prevents most forms of teleportation.
   It provides partial protection from all sources of acid and corrosion.
 D - the +8 tower shield of Masochism (worn) {Dex+4}
   (Okawaru gifted it to you on level 2 of the Realm of Zot)

   It affects your dexterity (+4).
 J - the +2 pair of gloves "Zogoq" (worn) {+Inv Str+3 Dex+2 SInv}
   (You found it on level 2 of the Vaults)

   It affects your strength (+3).
   It affects your dexterity (+2).
   It lets you see invisible.
   It lets you turn invisible.
 X - the cursed +0 pair of boots of Catatonia (worn) {rF+++ Regen+ Dex-3 Slay+6}
   (You found it in a Gauntlet)

   It affects your dexterity (-3).
   It affects your accuracy and damage with ranged weapons and melee attacks
   (+6).
   It renders you almost immune to fire.
   It increases your rate of regeneration.
   It has a curse placed upon it.
Jewellery
 a - the ring "Mogy" (right hand) {rF++ Str+5 SInv}
   (You found it on level 1 of the Orcish Mines)

   [ring of see invisible]

   It affects your strength (+5).
   It greatly protects you from fire.
   It lets you see invisible.
 i - a +4 ring of slaying (left hand)
 p - the amulet "Jogar" (around neck) {Reflect rElec MR+ Str+7 Int-3 SH+5}
   (You bought it in a shop on level 5 of the Depths)

   [amulet of reflection]

   It shields you and reflects attacks.
   It affects your strength (+7).
   It affects your intelligence (-3).
   It insulates you from electricity.
   It affects your resistance to hostile enchantments.
   It affects your SH (+5).
Wands
 m - a wand of digging (3)
 y - a wand of flame (7)
 M - a wand of iceblast (85)
 T - a wand of acid (27)
 W - a wand of disintegration (84)
 Y - a wand of clouds (15)
Scrolls
 b - 3 scrolls of holy word
 e - 4 scrolls of enchant armour
 j - 6 scrolls of magic mapping
 k - 11 scrolls of fear
 l - 14 scrolls of identify
 r - 3 scrolls of silence
 s - 19 scrolls of enchant weapon
 v - 38 scrolls of remove curse
 w - 30 scrolls of teleportation
 C - 10 scrolls of immolation
 F - 5 scrolls of fog
 H - 5 scrolls of summoning
 I - 15 scrolls of blinking
 Q - 3 scrolls of brand weapon
Potions
 d - 5 potions of might
 h - 2 potions of magic
 n - 4 potions of curing
 x - 2 potions of heal wounds
 z - 3 potions of invisibility
 B - 6 potions of resistance
 E - 6 potions of cancellation
 L - 3 potions of berserk rage
 N - 7 potions of stabbing
 S - 8 potions of ambrosia
 U - 7 potions of haste
Books
 u - a manual of Necromancy
 O - a manual of Hexes
Miscellaneous
 t - 4 phantom mirrors
Comestibles
 f - 79 rations


   Skills:
 O Level 27 Fighting
 + Level 26.0 Maces & Flails
 - Level 10.0 Throwing
 O Level 27 Armour
 O Level 27 Shields
 + Level 24.7 Invocations
 - Level 10.0 Evocations


You had 26 spell levels left.
You didn't know any spells.
Your spell library contained the following spells:

 Spells                   Type           Power        Failure   Level  Hunger
 Animate Skeleton         Necr           N/A          83%         1    ##.....
 Apportation              Tloc           #.....       83%         1    ##.....
 Beastly Appendage        Tmut           #.....       83%         1    ##.....
 Corona                   Hex            #......      83%         1    ##.....
 Foxfire                  Conj/Fire      #...         83%         1    ##.....
 Freeze                   Ice            #...         83%         1    ##.....
 Infusion                 Chrm           #...         83%         1    ##.....
 Magic Dart               Conj           #...         83%         1    ##.....
 Pain                     Necr           #...         83%         1    ##.....
 Sandblast                Erth           #.....       83%         1    ##.....
 Sting                    Tmut/Pois      #...         83%         1    ##.....
 Summon Butterflies       Summ           #.......     83%         1    ##.....
 Summon Small Mammal      Summ           #...         83%         1    ##.....
 Blink                    Tloc           N/A          93%         2    ###....
 Call Imp                 Summ           #.......     93%         2    ###....
 Corpse Rot               Necr/Air       N/A          93%         2    ###....
 Ensorcelled Hibernation  Hex/Ice        #.....       93%         2    ###....
 Passwall                 Tmut/Erth      #.......     93%         2    ###....
 Poisonous Vapours        Pois/Air       #.....       93%         2    ###....
 Searing Ray              Conj           #.....       93%         2    ###....
 Shroud of Golubria       Chrm/Tloc      #.....       93%         2    ###....
 Slow                     Hex            #.......     93%         2    ###....
 Song of Slaying          Chrm           #.......     93%         2    ###....
 Sticks to Snakes         Tmut           #.......     93%         2    ###....
 Swiftness                Chrm/Air       #.......     93%         2    ###....
 Call Canine Familiar     Summ           #.......     99%         3    ####...
 Confusing Touch          Hex            #.......     99%         3    ####...
 Conjure Flame            Conj/Fire      #.......     99%         3    ####...
 Dazzling Flash           Conj/Hex       #.....       99%         3    ####...
 Frozen Ramparts          Ice            #.....       99%         3    ####...
 Gell's Gravitas          Tloc           #.........   99%         3    ####...
 Ignite Poison            Fire/Tmut/Pois #.......     99%         3    ####...
 Inner Flame              Hex/Fire       #.......     99%         3    ####...
 Lesser Beckoning         Tloc           #.........   99%         3    ####...
 Mephitic Cloud           Conj/Pois/Air  #.......     99%         3    ####...
 Ozocubu's Armour         Chrm/Ice       #.......     99%         3    ####...
 Recall                   Summ/Tloc      N/A          99%         3    ####...
 Spectral Weapon          Hex/Chrm       #.......     99%         3    ####...
 Static Discharge         Conj/Air       #.......     99%         3    ####...
 Stone Arrow              Conj/Erth      #.....       99%         3    ####...
 Summon Guardian Golem    Hex/Summ       #.......     99%         3    ####...
 Teleport Other           Tloc           #.......     99%         3    ####...
 Tukima's Dance           Hex            #.......     99%         3    ####...
 Vampiric Draining        Necr           #.........   99%         3    ####...
 Animate Dead             Necr           N/A          100%        4    #####..
 Cause Fear               Hex            #.........   100%        4    #####..
 Fulminant Prism          Conj/Hex       #.........   100%        4    #####..
 Hailstorm                Conj/Ice       #.......     100%        4    #####..
 Iskenderun's Mystic Bla  Conj/Tloc      #.......     100%        4    #####..
 Leda's Liquefaction      Hex/Erth       #.........   100%        4    #####..
 Olgreb's Toxic Radiance  Pois           #.......     100%        4    #####..
 Passage of Golubria      Tloc           N/A          100%        4    #####..
 Petrify                  Tmut/Erth      #.......     100%        4    #####..
 Sticky Flame             Conj/Fire      #.......     100%        4    #####..
 Summon Ice Beast         Ice/Summ       #.......     100%        4    #####..
 Summon Lightning Spire   Summ/Air       #.......     100%        4    #####..
 Agony                    Necr           #.......     100%        5    ######.
 Alistair's Intoxication  Tmut/Pois      #.......     100%        5    ######.
 Aura of Abjuration       Summ           #.........   100%        5    ######.
 Blade Hands              Tmut           #.........   100%        5    ######.
 Bolt of Magma            Conj/Fire/Erth #.........   100%        5    ######.
 Borgnjor's Vile Clutch   Necr/Erth      #.........   100%        5    ######.
 Excruciating Wounds      Chrm/Necr      #.........   100%        5    ######.
 Fireball                 Conj/Fire      #.........   100%        5    ######.
 Irradiate                Conj/Tmut      #.........   100%        5    ######.
 Iskenderun's Battlesphe  Conj/Chrm      #.......     100%        5    ######.
 Lee's Rapid Deconstruct  Erth           #.........   100%        5    ######.
 Lightning Bolt           Conj/Air       #.........   100%        5    ######.
 Metabolic Englaciation   Hex/Ice        #.........   100%        5    ######.
 Silence                  Hex/Air        #.........   100%        5    ######.
 Summon Demon             Summ           #.........   100%        5    ######.
 Summon Forest            Summ/Tloc      #.........   100%        5    ######.
 Summon Mana Viper        Hex/Summ       #.......     100%        5    ######.
 Yara's Violent Unravell  Hex/Tmut       #.........   100%        5    ######.
 Conjure Ball Lightning   Conj/Air       #.........   100%        6    #######
 Darkness                 Hex            #.........   100%        6    #######
 Eringya's Noxious Bog    Tmut/Pois      #.........   100%        6    #######
 Freezing Cloud           Conj/Ice/Air   #.........   100%        6    #######
 Hydra Form               Tmut           #.........   100%        6    #######
 Invisibility             Hex            #.......     100%        6    #######
 Iron Shot                Conj/Erth      #.........   100%        6    #######
 Shadow Creatures         Summ           N/A          100%        6    #######
 Simulacrum               Ice/Necr       #.........   100%        6    #######
 Starburst                Conj/Fire      #.........   100%        6    #######
 Dragon Form              Tmut           #.........   100%        7    #######
 Haunt                    Necr/Summ      #.........   100%        7    #######
 Orb of Destruction       Conj           #.........   100%        7    #######
 Ring of Flames           Chrm/Fire      #.........   100%        7    #######
 Spellforged Servitor     Conj/Summ      #.........   100%        7    #######
 Summon Hydra             Summ           #.........   100%        7    #######
 Borgnjor's Revivificati  Necr           #.........   100%        8    #######
 Chain Lightning          Conj/Air       #.........   100%        8    #######
 Death's Door             Chrm/Necr      #.........   100%        8    #######
 Discord                  Hex            #.........   100%        8    #######
 Ignition                 Fire           #.........   100%        8    #######
 Infestation              Necr           #.........   100%        8    #######
 Lehudib's Crystal Spear  Conj/Erth      #.........   100%        8    #######
 Necromutation            Tmut/Necr      #.........   100%        8    #######
 Fire Storm               Conj/Fire      #.........   100%        9    #######
 Shatter                  Erth           #.........   100%        9    #######
 Tornado                  Air            #.........   100%        9    #######
 Sublimation of Blood     Necr           Unusable     N/A         2    N/A
 Statue Form              Tmut/Erth      Unusable     N/A         6    N/A

Dungeon Overview and Level Annotations

Branches:
Dungeon (15/15)            Temple (1/1) D:5            Lair (6/6) D:10
  Swamp (4/4) Lair:4       Spider (4/4) Lair:3        Slime (0/5) Lair:5
    Orc (2/2) D:10            Elf (3/3) Orc:2        Vaults (5/5) D:13
  Crypt (1/3) Vaults:3     Depths (5/5) D:15           Hell (visited)
    Coc (0/7) Hell            Zot (5/5) Depths:5    Gauntlet (visited)
    Dis: Hell:1         Geh: Hell:1         Tar: Hell:1

Altars:
Cheibriados
Dithmenos
Elyvilon
Fedhas
Gozag
Hepliaklqana
Makhleb
Nemelex Xobeh
Okawaru
Qazlal
Ru
Sif Muna
Trog
Uskayaw
Vehumet
Wu Jian
Xom
Zin
The Shining One
Jiyva

Shops:
D:5 }   D:9 =   D:10 *   D:11 ?   D:13 %   Orc:2 [}%   Vaults:1 }(*
Vaults:5 !??   Depths:5 =}=

Portals:
Hell: Depths:1 Depths:2 Depths:3 Depths:4 Depths:5
Abyss: D:6 Depths:1 Depths:2 Depths:3 Depths:4
Pandemonium: Depths:3
Ziggurat: Depths:5

Annotations:
D:9 1 runed translucent door
Pan Mnoleg


Innate Abilities, Weirdness & Mutations

You are resistant to torment.
Your stone body is resilient. (AC +20)
You are immune to poison.
Your large and strong wings let you fly indefinitely.
You resist negative energy. (rN+)
You are resistant to electric shocks. (rElec)
You can survive without breathing.
You are immune to petrification.
You are immune to rotting.
You have an uncontrollable temper.
Scrolls take you a little longer to read.
Your flesh is cold resistant. (rC+)
Your body sometimes deteriorates upon taking damage.


Message History

Mnoleg gestures.
The cacodemon gestures at you. You resist with almost no effort.
The cacodemon hits you but does no damage. x2
The large abomination hits you but does no damage.
The golden eye turns its gaze towards you.
The iron imp shaped pillar of salt crumbles away.
The neqoxec is seared!
The large abomination is seared!
The neqoxec is seared!
You kill the neqoxec!
Zin accepts your kill.
The crimson imp disappears in a puff of smoke! x2
The quasit disappears in a puff of smoke!
The eye of draining disappears in a puff of smoke!
The large abomination hits you!
* * * LOW HITPOINT WARNING * * *
Mnoleg claws you but does no damage.
Mnoleg tentacle-slaps you but does no damage.
Mnoleg gores you but does no damage. Mnoleg kicks you but does no damage.
The cacodemon hits you but does no damage.
The cacodemon hits you!
You die...

###..###
###.......##...........
+..........#..#'...... .
##............8.....#..
###+#.&#'#..5........'..
....###.....8.GG.G...#..
....#......'§§.332....#
....#......#...&X2...#
....'........35X@28..+
...!#........§5X#XG..#
....#....###.#55##'.##
....#..#+#.#.........#
##'#####...#.........#
.....#......+........+
.....##.....##.......#
......'......#.......#
∩.....##....^##......#


You could see Mnoleg, 2 tentacled monstrosities, 2 cacodemons, a reaper (agile),
2 large abominations, an eye of draining (summoned), 3 neqoxecs, a floating eye
(summoned), an iron imp (summoned, strong), a crimson imp (summoned), 2 golden
eyes, a white imp (summoned, strong) and 2 shadow imps.

Vanquished Creatures
  Cerebov (Pan)
  6 pandemonium lords (Pan)
  Gloorx Vloq (Pan)
  Lom Lobon (Pan)
  12 ancient liches
  8 orbs of fire
  Mennas (Vaults:4)
  The ghost of lun the Tortoise, a legendary DsGl of Ashenzari (Zot:5)
  5 juggernauts
  Sojobo (Vaults:2)
  4 Killer Klowns (Zot:5)
  the Lernaean hydra (Swamp:4)
  Saint Roka (Vaults:1)
  Bai Suzhen (Depths:1)
  Geryon (Hell)
  2 curse toes
  3 caustic shrikes (Depths:4)
  9 golden dragons
  A profane servitor (Abyss:1)
  3 bone dragons
  7 electric golems
  2 Hell Sentinels
  2 Tzitzimimeh (Pan)
  4 Brimstone Fiends (Pan)
  24 tentacled monstrosities
  10 liches
  25 Orb Guardians (Zot:5)
  An Ice Fiend (Pan)
  8 deep elf blademasters
  16 titans
  5 quicksilver dragons
  Asterion (Elf:3)
  7 deep elf master archers
  12 tentacled starspawn
  10 death cobs
  8 sphinxes
  23 Executioners
  Gastronok (D:8)
  An ancient champion (Crypt:1)
  A thorn hunter (Swamp:4)
  13 storm dragons
  Kirke (Lair:6)
  Agnes (Elf:2)
  11 tengu reavers
  4 warmongers (Pan)
  8 draconian monks
  9 draconian knights
  2 storm dragons (shapeshifter) (Depths:2)
  8 shadow dragons
  5 deep elf sorcerers
  2 iron dragons
  3 iron dragons (shapeshifter) (Depths:2)
  11 blood saints (Pan)
  Aizul (Vaults:4)
  25 fire giants
  A daeva (Abyss:1)
  2 curse skulls (Pan)
  18 balrugs
  13 vault wardens
  22 frost giants
  11 draconian scorchers
  An orc warlord (Vaults:2)
  14 cacodemons
  2 ghouls (Crypt:1)
  6 deep elf elementalists
  12 draconian shifters
  10 emperor scorpions
  2 angels
  14 ghost moths
  2 spriggan defenders (Depths:4)
  20 very ugly things
  10 draconian annihilators
  4 draconian stormcallers
  10 reapers
  22 ironheart preservers
  A stone giant (shapeshifter) (Depths:2)
  6 entropy weavers
  10 war gargoyles
  14 green draconians
  4 ophanim
  7 deep elf demonologists
  4 corrupters (Pan)
  3 vampire knights
  33 stone giants
  10 lorocyprocas (Pan)
  11 black suns (Pan)
  A minotaur (Gauntlet)
  9 red draconians
  15 purple draconians
  A spark wasp (shapeshifter) (Depths:4)
  16 deep elf annihilators
  15 white draconians
  11 yellow draconians
  13 black draconians
  17 ettins
  15 spark wasps
  13 green deaths (Pan)
  An eidolon (Abyss:1)
  7 fire dragons
  9 deep elf death magi
  2 merfolk javelineers (Depths:1)
  The ghost of Yqoodd the Thaumaturge, a journeyman GnWr of Kikubaaqudgha (D:13)
  15 blizzard demons
  A crystal guardian (Depths:2)
  A merfolk impaler (Depths:1)
  The ghost of Johnny the Geomancer, a journeyman DgEE (D:10)
  17 yaktaur captains
  9 deep elf high priests
  Erolcha (D:12)
  A great orb of eyes (shapeshifter) (Vaults:5)
  Fannar (Lair:1)
  The ghost of Toogi the Thaumaturge, a journeyman DEIE of Kikubaaqudgha (Orc:1)
  31 vault guards
  4 great orbs of eyes
  8 monstrous demonspawn (Pan)
  7 spriggan air magi
  7 ice dragons
  7 rakshasas
  3 hell beasts (Pan)
  A hydra (shapeshifter) (Depths:2)
  A catoblepas (Lair:5)
  20 hydras
  A quicksilver dragon skeleton (Crypt:1)
  A shambling mangrove (Swamp:4)
  13 centaur warriors
  A death scarab (Gauntlet)
  2 vampire magi
  9 deep troll shamans
  5 death knights
  17 alligators
  21 ogre magi
  55 two-headed ogres
  13 deep troll earth magi
  42 dancing weapons
  28 thrashing horrors
  8 tengu warriors
  37 sun demons
  2 spriggan berserkers
  2 orc high priests
  Urug (Lair:5)
  28 hell knights
  26 wretched stars
  22 soul eaters
  71 large abominations
  30 deep elf knights
  4 titan skeletons
  12 shadow wraiths
  18 sixfirhies
  16 skeletal warriors
  A storm dragon skeleton (Abyss:1)
  2 fire crabs (shapeshifter)
  6 spatial maelstroms
  3 torturous demonspawn (Pan)
  6 shadow demons (Pan)
  A death drake (shapeshifter) (Depths:5)
  4 flayed ghosts
  6 gelid demonspawn (Pan)
  5 glowing orange brains
  8 wizards
  10 swamp dragons
  6 unseen horrors
  A golden dragon zombie (Depths:4)
  26 deep trolls
  A spark wasp zombie (Depths:4)
  2 cherubim (Abyss:4)
  2 glowing orange brains (shapeshifter) (Depths:4)
  An infernal demonspawn (Pan)
  An obsidian statue (D:10)
  3 anaconda zombies (Hell)
  Pikel (D:5)
  An anaconda skeleton (Pan)
  31 deep elf archers
  13 necromancers
  4 lindwurms
  An orb spider (shapeshifter) (Vaults:1)
  A tengu zombie (Vaults:4)
  10 phantasmal warriors
  A mana viper (Depths:2)
  24 orb spiders
  16 ironbrand convokers
  A sphinx zombie (Depths:4)
  15 orc knights
  A statue (Abyss:2)
  2 mana vipers (shapeshifter)
  27 wolf spiders
  48 ugly things
  2 sphinx skeletons (Vaults:3)
  A manticore (shapeshifter) (Elf:3)
  A tengu skeleton (Vaults:3)
  93 deep elf magi
  3 cyclopes
  6 elephants
  2 manticores
  10 orc sorcerers
  A frost giant zombie (Hell)
  3 worldbinders
  An iron dragon skeleton (Pan)
  A water nymph (shapeshifter) (Vaults:4)
  2 elephants (shapeshifter)
  A dire elephant zombie (Abyss:3)
  31 moths of wrath
  8 black mambas
  2 rust devils
  A spriggan zombie (Depths:4)
  3 molten gargoyles
  A guardian serpent (shapeshifter) (D:13)
  14 vault sentinels
  7 human skeletons
  A black mamba (shapeshifter) (Abyss:4)
  8 apocalypse crabs
  A centaur skeleton (D:15)
  19 spiny frogs
  The ghost of passata the Skirmisher, a novice FoFi (D:6)
  Joseph (Lair:1)
  2 torpor snails
  2 naga magi (D:15)
  22 orange demons
  67 smoke demons
  6 komodo dragons
  3 gargoyles
  5 kobold demonologists
  14 hellions
  3 rime drakes
  7 ice devils
  2 komodo dragons (shapeshifter)
  17 freezing wraiths
  A white draconian zombie (Crypt:1)
  A yaktaur skeleton (Vaults:3)
  An anaconda simulacrum (Hell)
  10 demonic crawlers
  55 yaktaurs
  2 hydra zombies
  12 tormentors
  7 efreet
  17 hellwings
  13 ancient zymes
  8 trolls
  3 tengu conjurers
  4 hydra skeletons
  3 merfolk (shapeshifter)
  3 meliai (D:14)
  32 jumping spiders
  A tengu simulacrum (Vaults:4)
  16 red devils
  A wolf spider simulacrum (Crypt:1)
  23 tyrant leeches
  A polar bear (Lair:4)
  19 hornets
  3 polar bears (shapeshifter)
  An ice dragon zombie (Crypt:1)
  19 blink frogs
  2 ettin zombies
  An alligator zombie (Hell)
  A blink frog (shapeshifter) (Abyss:2)
  14 bog bodies
  3 frost giant simulacra
  48 slime creatures
  A dream sheep (shapeshifter) (Vaults:3)
  A hippogriff (shapeshifter) (Vaults:1)
  46 raiju
  2 raiju (shapeshifter)
  A stone giant simulacrum (Crypt:1)
  15 dream sheep
  A fire dragon zombie (Crypt:1)
  A snapping turtle (shapeshifter) (D:10)
  A guardian serpent skeleton (Crypt:1)
  4 hippogriffs
  2 flying skulls (Crypt:1)
  A centaur simulacrum (D:14)
  An ettin skeleton (Pan)
  A vampire (Abyss:3)
  2 air elementals
  89 redbacks
  8 spriggans
  13 water elementals
  27 tarantellas
  31 ynoxinuls
  A spriggan (shapeshifter) (Vaults:3)
  4 shadows
  A black mamba skeleton (Abyss:1)
  8 wraiths
  20 yaks
  9 wyverns
  5 fire elementals
  5 basilisks
  A yak (shapeshifter) (Depths:5)
  A tarantella (shapeshifter) (Depths:2)
  2 fire bats (Abyss:5)
  7 hogs (Lair:6)
  Grum (D:8)
  2 hogs (shapeshifter)
  2 golden eyes (shapeshifter)
  A steam dragon (Lair:6)
  4 hungry ghosts
  19 chaos spawn
  33 vampire mosquitoes
  30 neqoxecs
  A spectral spiny frog (Gauntlet)
  15 swamp worms
  7 spatial vortices
  A harpy simulacrum (Depths:2)
  7 wargs
  4 acid dragons
  A soldier ant (D:14)
  7 insubstantial wisps (Swamp:2)
  A hydra simulacrum (Hell)
  A spiny frog skeleton (Hell)
  A deep troll skeleton (Vaults:3)
  11 hell hounds
  12 porcupines
  11 water moccasins
  A floating eye (shapeshifter) (Elf:3)
  35 orc warriors
  A sky beast (D:10)
  13 swamp drakes
  4 ice beasts
  3 phantoms
  A black bear (shapeshifter) (Abyss:4)
  An ogre (shapeshifter) (Depths:3)
  An eye of draining (shapeshifter) (Elf:2)
  3 eyes of draining
  67 ogres
  10 wolves
  A necrophage (D:13)
  An elf skeleton (Vaults:3)
  47 small abominations
  28 centaurs
  11 crocodiles
  21 bullfrogs
  13 earth elementals
  A gnoll sergeant (D:6)
  A glowing shapeshifter simulacrum (Vaults:1)
  A wyvern skeleton (D:13)
  7 scorpions
  19 killer bees
  6 jellies
  A killer bee (shapeshifter) (Depths:2)
  2 wights
  6 howler monkeys
  2 electric eels
  12 crimson imps
  6 lava snakes
  81 starcursed masses
  4 quasits
  A bullfrog zombie (D:8)
  9 hounds
  6 iron imps
  5 centaur zombies
  A human zombie (Crypt:1)
  3 bullfrog skeletons
  14 orc priests
  Jessica (D:2)
  20 worker ants
  6 iguanas
  12 orc wizards
  2 hell rats (D:15)
  A killer bee zombie (D:10)
  A dwarf skeleton (Crypt:1)
  A naga skeleton (Pan)
  An ogre skeleton (Crypt:1)
  A hound skeleton (D:6)
  Robin (D:2)
  2 worker ant zombies
  4 gnolls
  8 adders
  4 river rats (D:15)
  4 shadow imps
  5 white imps
  8 ufetubi
  2 oozes
  5 adder skeletons
  12 worms
  3 dart slugs
  5 leopard geckos
  85 orcs
  9 ball pythons
  11 bats
  17 giant cockroaches
  16 goblins
  9 hobgoblins
  13 jackals
  12 kobolds
  8 quokkas
  3 frilled lizards
  A leopard gecko skeleton (D:7)
  A leopard gecko zombie (D:8)
  2 quokka skeletons
  16 rats
  8 briar patches (Swamp:4)
  6 crawling corpses
  2 fire vortices (Pan)
  2 fungi
  A lurking horror (Abyss:3)
  2 pillars of salt (Pan)
  6 starspawn tentacles
3667 creatures vanquished.

Vanquished Creatures (collateral kills)
  A rakshasa (Pan)
  A pillar of salt (Pan)
2 creatures vanquished.

Vanquished Creatures (others)
  A golden dragon (Zot:2)
  A sphinx (Depths:2)
  An eldritch tentacle (Pan)
  A ghost moth (Zot:2)
  2 draconian knights
  A reaper (Pan)
  A deep elf annihilator (Elf:3)
  A yellow draconian (Zot:5)
  A green death (Pan)
  A monstrous demonspawn (Pan)
  A soul eater (Pan)
  2 deep elf magi
  A raiju (Abyss:1)
  3 small abominations
  A centaur (Vaults:3)
  A worm (D:15)
  An orc (Elf:1)
  6 fungi
  2 lurking horrors
  11 pillars of salt (Pan)
  9 plants
  22 starspawn tentacles
  14 toadstools
85 creatures vanquished.

Grand Total: 3754 creatures vanquished

Notes
Turn   | Place    | Note
-------+----------+-------------------------------------------
     0 | D:1      | Delamore the Gargoyle Fighter began the quest for the Orb.
     0 | D:1      | Reached XP level 1. HP: 14/14 MP: 1/1
   190 | D:1      | Reached XP level 2. HP: 13/19 MP: 2/2
   856 | D:1      | Reached XP level 3. HP: 24/24 MP: 3/3
  1040 | D:2      | Noticed Jessica
  1042 | D:2      | Noticed Robin
  1052 | D:2      | Killed Jessica
  1052 | D:2      | Reached XP level 4. HP: 6/29 MP: 4/4
  1329 | D:2      | Killed Robin
  1918 | D:2      | Reached XP level 5. HP: 34/34 MP: 5/5
  2662 | D:3      | Found a glowing silver altar of Zin.
  2940 | D:4      | Reached skill level 5 in Fighting
  2940 | D:4      | Reached skill level 5 in Shields
  2940 | D:4      | Reached XP level 6. HP: 40/40 MP: 6/6
  3008 | D:4      | Reached skill level 5 in Maces & Flails
  3009 | D:4      | Reached XP level 7. HP: 44/44 MP: 7/7
  3099 | D:4      | Reached skill level 1 in Throwing
  3441 | D:4      | Found a sparkling altar of Nemelex Xobeh.
  3957 | D:5      | Entered Level 5 of the Dungeon
  4105 | D:5      | Got an ancient tin ring
  4110 | D:5      | Found a radiant altar of Vehumet.
  4185 | D:5      | Reached XP level 8. HP: 44/49 MP: 8/8
  4264 | D:5      | You fall into a shaft and drop 1 floor!
  4369 | D:6      | Found a transporter.
  4386 | D:6      | Found a transporter.
  4427 | D:5      | Noticed Pikel
  4524 | D:5      | Killed Pikel
  4569 | D:5      | Reached skill level 5 in Throwing
  4925 | D:5      | Found Filoclul's Gadget Shoppe.
  5130 | D:5      | Found a staircase to the Ecumenical Temple.
  5295 | Temple   | Entered the Ecumenical Temple
  5396 | Temple   | Became a worshipper of Warmaster Okawaru
  5406 | D:5      | Identified the ring of Spite {rN+ Dex+6} (You found it on
                  | level 5 of the Dungeon)
  5441 | D:6      | Reached XP level 9. HP: 54/54 MP: 9/9
  5468 | D:6      | Found a blossoming altar of Fedhas.
  5600 | D:6      | Found a sacrificial altar of Ru.
  5812 | D:6      | Found a one-way gate to the infinite horrors of the Abyss.
  5812 | D:6      | Noticed passata's ghost (novice FoFi)
  5977 | D:6      | Killed passata's ghost
  5991 | D:6      | Reached * piety under Okawaru
  6212 | D:7      | Reached skill level 10 in Maces & Flails
  6236 | D:7      | Found a sacrificial altar of Ru.
  6600 | D:7      | Found a snail-covered altar of Cheibriados.
  6751 | D:7      | Found a shadowy altar of Dithmenos.
  6868 | D:7      | Reached ** piety under Okawaru
  7316 | D:8      | Noticed Gastronok
  7334 | D:8      | Killed Gastronok
  7334 | D:8      | Reached *** piety under Okawaru
  7334 | D:8      | Reached XP level 10. HP: 59/59 MP: 10/10
  7362 | D:8      | Found a stormy altar of Qazlal.
  7538 | D:8      | Noticed Grum
  7547 | D:8      | Reached **** piety under Okawaru
  7565 | D:8      | Killed Grum
  7878 | D:9      | Received a gift from Okawaru
  8205 | D:9      | Found Ikec Owyzoe's Jewellery Emporium.
  8353 | D:9      | Noticed a two-headed ogre
  8356 | D:9      | Killed a two-headed ogre
  8356 | D:9      | Reached XP level 11. HP: 44/64 MP: 11/11
  8489 | D:9      | Reached ***** piety under Okawaru
  8725 | D:9      | Found a runed translucent door.
  8726 | D:9      | Found a runed translucent door.
  9025 | D:9      | Found a shimmering altar of Xom.
  9026 | D:9      | Found a hazy altar of Hepliaklqana.
  9071 | D:10     | Entered Level 10 of the Dungeon
  9118 | D:10     | Found a blossoming altar of Fedhas.
  9158 | D:10     | Found a staircase to the Orcish Mines.
  9472 | D:10     | Received a gift from Okawaru
  9754 | D:10     | Found a runed translucent gate.
  9755 | D:10     | Found a runed translucent gate.
  9755 | D:10     | Found an opulent altar of Gozag.
  9755 | D:10     | Found a runed translucent gate.
  9755 | D:10     | Noticed an obsidian statue
  9755 | D:10     | Noticed a centaur warrior
  9755 | D:10     | Noticed a deep elf mage
  9756 | D:10     | Found Gethiju's Assorted Antiques.
  9756 | D:10     | Noticed Johnny's ghost (journeyman DgEE)
  9945 | D:10     | Found a staircase to the Lair.
  9973 | D:10     | Noticed a cyclops
 10096 | D:10     | Noticed a faun
 10101 | D:10     | Noticed a two-headed ogre
 10101 | D:10     | a faun changed into a two-headed ogre
 10113 | Lair:1   | Entered Level 1 of the Lair of Beasts
 10154 | Lair:1   | Noticed Fannar
 10176 | Lair:1   | Noticed Joseph
 10205 | Lair:1   | Killed Joseph
 10673 | Lair:1   | Killed Fannar
 10852 | Lair:1   | Reached XP level 12. HP: 76/76 MP: 12/12
 11363 | Lair:2   | Received a gift from Okawaru
 11369 | Lair:2   | Got a masterwork mace {god gift}
 11370 | Lair:2   | Identified the +8 mace of Lite {speed, rF- rC+ Int+4 Dex+5}
                  | (Okawaru gifted it to you on level 2 of the Lair of Beasts)
 11554 | Lair:2   | Noticed a five-headed hydra
 11563 | Lair:2   | Killed a five-headed hydra
 11725 | Lair:2   | Reached skill level 10 in Fighting
 11725 | Lair:2   | Reached skill level 10 in Shields
 12523 | Lair:3   | Noticed a four-headed hydra
 12539 | Lair:3   | Killed a four-headed hydra
 12769 | Lair:3   | Found a hole to the Spider Nest.
 13006 | Lair:3   | Received a gift from Okawaru
 13018 | Lair:3   | Reached ****** piety under Okawaru
 13161 | Lair:3   | Noticed a four-headed hydra
 13169 | Lair:3   | Killed a four-headed hydra
 13169 | Lair:3   | Reached XP level 13. HP: 74/82 MP: 13/13
 14038 | Lair:4   | Found a staircase to the Swamp.
 14380 | Lair:4   | Received a gift from Okawaru
 14505 | Lair:5   | Reached skill level 15 in Shields
 14517 | Lair:5   | Found a gate leading to a gauntlet.
 14527 | Gauntlet | Entered a Gauntlet
 14527 | Gauntlet | Found a transporter.
 14527 | Gauntlet | Found a transporter.
 14527 | Gauntlet | Found a transporter.
 14528 | Gauntlet | Found a transporter.
 14533 | Gauntlet | Found a transporter.
 14544 | Gauntlet | Found a transporter.
 14551 | Gauntlet | Found a transporter.
 14551 | Gauntlet | Found a transporter.
 14553 | Gauntlet | Found a transporter.
 14553 | Gauntlet | Found a transporter.
 14569 | Gauntlet | Found a transporter.
 14571 | Gauntlet | Found a transporter.
 14667 | Gauntlet | Received a gift from Okawaru
 14694 | Gauntlet | Got a pair of slimy boots
 14705 | Gauntlet | Identified the cursed +0 pair of boots of Catatonia {rF+++
                  | Regen+ Dex-3 Slay+6} (You found it in a Gauntlet)
 14842 | Gauntlet | Gained mutation: Armour fits poorly on your strangely
                  | shaped body. [a neqoxec]
 14884 | Gauntlet | Lost mutation: Armour fits poorly on your strangely shaped
                  | body. [potion of mutation]
 14884 | Gauntlet | Gained mutation: You are weak. (Str -2) [potion of
                  | mutation]
 14884 | Gauntlet | Gained mutation: You are agile. (Dex +2) [potion of
                  | mutation]
 14899 | Gauntlet | Identified the ring "Vovuaf" {rF+ rCorr Str+2 Int-3}
 14899 | Gauntlet | Noticed a minotaur
 14919 | Gauntlet | Killed a minotaur
 14944 | Gauntlet | Found the +6 shillelagh "Devastator" {shatter}
 14944 | Gauntlet | Got smoking swamp dragon scales
 14997 | Lair:5   | Identified the +1 swamp dragon scales of the Maze {rPois
                  | MR- Str+4 Dex+6 Stlth+} (You found it in a Gauntlet)
 15429 | Lair:5   | Noticed Urug
 15441 | Lair:5   | Killed Urug
 15588 | Lair:5   | Found a viscous altar of Jiyva.
 15588 | Lair:5   | Found a staircase to the Slime Pits.
 15661 | Lair:5   | Found a runed translucent door.
 15988 | Lair:5   | Gained mutation: Your large and strong wings let you fly
                  | indefinitely. [Gargoyle growth]
 15988 | Lair:5   | Reached XP level 14. HP: 90/90 MP: 14/14
 16143 | Lair:6   | Entered Level 6 of the Lair of Beasts
 16186 | Lair:6   | Received a gift from Okawaru
 16253 | Lair:6   | Reached skill level 5 in Armour
 16294 | Lair:6   | Noticed Kirke
 16307 | Lair:6   | Killed Kirke
 16307 | Lair:6   | Received a gift from Okawaru
 16862 | Lair:6   | Received a gift from Okawaru
 16946 | Lair:6   | Found a large runed translucent door.
 16946 | Lair:6   | Found a large runed translucent door.
 17647 | Orc:1    | Entered Level 1 of the Orcish Mines
 17690 | Orc:1    | Noticed Toogi's ghost (journeyman DEIE)
 17935 | Orc:1    | Found a transporter.
 17939 | Orc:1    | Found a transporter.
 17954 | Orc:1    | Killed Toogi's ghost
 17962 | Orc:1    | Got a crude glass ring
 17968 | Orc:1    | Identified the ring "Mogy" {rF++ Str+5 SInv} (You found it
                  | on level 1 of the Orcish Mines)
 18070 | Orc:2    | Entered Level 2 of the Orcish Mines
 18070 | Orc:2    | Found a staircase to the Elven Halls.
 18076 | Orc:2    | Paralysed by an orc sorcerer for 4 turns
 18179 | Orc:2    | Received a gift from Okawaru
 18180 | Orc:2    | Found the +15 Maxwell's patent armour {-Cast -Tele rElec
                  | MR+ rCorr}
 18180 | Orc:2    | Reached XP level 15. HP: 98/98 MP: 15/15
 18191 | Orc:2    | Found Uleeczugg's Food Boutique.
 18194 | Orc:2    | Found Qionkoshof's Weapon Shoppe.
 18194 | Orc:2    | Found Vufucsif's Antique Armour Shop.
 18194 | Orc:2    | Found Hiataq Gouf's Gadget Shoppe.
 18672 | Orc:2    | Bought a glimmering helmet for 294 gold pieces
 18682 | Orc:2    | Identified the +2 helmet of Compression {Regen+ rCorr Int+4
                  | Dex+2} (You bought it in a shop on level 2 of the Orcish
                  | Mines)
 18922 | D:10     | Killed Johnny's ghost
 18957 | D:10     | Bought an amethyst potion for 21 gold pieces
 18957 | D:10     | Bought an amethyst potion for 21 gold pieces
 18957 | D:10     | Bought a fuming cyan potion for 21 gold pieces
 19001 | D:11     | Reached skill level 10 in Throwing
 19188 | D:11     | Found Cuipli Balo's Magic Scroll Shoppe.
 19198 | D:11     | Bought a scroll of identify for 24 gold pieces
 19198 | D:11     | Bought a scroll of identify for 24 gold pieces
 19198 | D:11     | Bought a scroll of immolation for 42 gold pieces
 19285 | D:11     | Found an iron altar of Okawaru.
 19354 | D:11     | You fall into a shaft and drop 1 floor!
 19427 | D:12     | Received a gift from Okawaru
 19470 | D:12     | Reached skill level 10 in Armour
 19570 | D:12     | Noticed Erolcha
 19572 | D:12     | Found a shadowy altar of Dithmenos.
 19587 | D:12     | Killed Erolcha
 20132 | D:13     | Found a gate to the Vaults.
 20159 | D:13     | Reached skill level 15 in Fighting
 20292 | D:13     | Received a gift from Okawaru
 20428 | D:13     | Found a runed translucent door.
 20428 | D:13     | Noticed Yqoodd's ghost (journeyman GnWr)
 20454 | D:13     | Killed Yqoodd's ghost
 20491 | D:13     | Found Zunuxal's Food Shoppe.
 20536 | D:13     | Found an ornate altar of the Wu Jian Council.
 21196 | D:14     | Received a gift from Okawaru
 21200 | D:14     | Reached XP level 16. HP: 108/108 MP: 16/16
 21736 | D:15     | Entered Level 15 of the Dungeon
 21753 | D:15     | Received a gift from Okawaru
 22077 | D:15     | Found a staircase to the Depths.
 22447 | D:15     | Received a gift from Okawaru
 23134 | Swamp:1  | Entered Level 1 of the Swamp
 23717 | Swamp:2  | Reached XP level 17. HP: 102/117 MP: 17/17
 23838 | Swamp:2  | Received a gift from Okawaru
 24919 | Swamp:4  | Entered Level 4 of the Swamp
 24940 | Swamp:4  | Received a gift from Okawaru
 24970 | Swamp:4  | Received a gift from Okawaru
 24977 | Swamp:4  | Received a gift from Okawaru
 25221 | Swamp:4  | Noticed the 27-headed Lernaean hydra
 25228 | Swamp:4  | Killed the 27-headed Lernaean hydra
 25253 | Swamp:4  | Got a decaying rune of Zot
 25787 | Spider:1 | Entered Level 1 of the Spider Nest
 25907 | Spider:1 | Reached XP level 18. HP: 127/127 MP: 18/18
 25916 | Spider:1 | Received a gift from Okawaru
 26268 | Spider:1 | You are sucked into a shaft and drop 1 floor!
 26741 | Spider:2 | Received a gift from Okawaru
 26960 | Spider:1 | Received a gift from Okawaru
 27478 | Spider:2 | Got a fine demon whip
 27567 | Spider:3 | Received a gift from Okawaru
 27667 | Spider:3 | Identified the +11 demon whip of Chaos {flame, *Rage rElec
                  | rF++} (You found it on level 2 of the Spider Nest)
 27861 | Spider:3 | Received a gift from Okawaru
 28648 | Spider:4 | Entered Level 4 of the Spider Nest
 28888 | Spider:4 | Received a gift from Okawaru
 29204 | Spider:4 | Reached XP level 19. HP: 135/135 MP: 19/19
 29207 | Spider:4 | Received a gift from Okawaru
 29782 | Spider:4 | Got a gossamer rune of Zot
 30142 | Vaults:1 | Entered Level 1 of the Vaults
 30212 | Vaults:1 | You fall into a shaft and drop 1 floor!
 30426 | Vaults:2 | Received a gift from Okawaru
 30705 | Vaults:2 | Received a gift from Okawaru
 31073 | Vaults:1 | Reached XP level 20. HP: 140/140 MP: 20/20
 31203 | Vaults:1 | Found Ecef's General Store.
 31219 | Vaults:1 | Bought a potion of berserk rage for 100 gold pieces
 31219 | Vaults:1 | Bought a scroll of identify for 40 gold pieces
 31221 | Vaults:1 | Noticed Saint Roka
 31236 | Vaults:1 | Killed Saint Roka
 31452 | Vaults:1 | Received a gift from Okawaru
 31507 | Vaults:1 | Received a gift from Okawaru
 32131 | Vaults:1 | Found Wipaiwiq's Gadget Shop.
 32135 | Vaults:1 | Found Ypheem's Antique Weapon Shoppe.
 32556 | Vaults:2 | Got a pair of ichor-stained gloves
 32567 | Vaults:2 | Identified the +2 pair of gloves "Zogoq" {+Inv Str+3 Dex+2
                  | SInv} (You found it on level 2 of the Vaults)
 32737 | Vaults:2 | Noticed Sojobo
 32753 | Vaults:2 | Received a gift from Okawaru
 32783 | Vaults:2 | Killed Sojobo
 33184 | Vaults:3 | Reached XP level 21. HP: 146/146 MP: 21/21
 33554 | Vaults:3 | Received a gift from Okawaru
 33957 | Vaults:3 | Received a gift from Okawaru
 34188 | Vaults:3 | Found a staircase to the Crypt.
 34405 | Vaults:4 | Noticed Aizul
 34418 | Vaults:4 | Killed Aizul
 34436 | Vaults:4 | Noticed Mennas
 34494 | Vaults:4 | Killed Mennas
 34494 | Vaults:4 | Received a gift from Okawaru
 34495 | Vaults:4 | Found the +8 whip "Snakebite" {curare, rPois}
 34840 | Vaults:4 | Reached skill level 15 in Armour
 35574 | Vaults:4 | Reached XP level 22. HP: 103/152 MP: 22/22
 35834 | Vaults:4 | Received a gift from Okawaru
 36068 | Vaults:5 | Entered Level 5 of the Vaults
 36074 | Vaults:5 | Received a gift from Okawaru
 36075 | Vaults:5 | Received a gift from Okawaru
 36222 | Vaults:5 | Received a gift from Okawaru
 36243 | Vaults:5 | Paralysed by a sphinx for 2 turns
 36664 | Vaults:5 | Found Puclym's Magic Scroll Shop.
 36675 | Vaults:5 | Reached XP level 23. HP: 135/156 MP: 23/23
 36688 | Vaults:5 | Reached skill level 1 in Invocations
 36698 | Vaults:5 | Reached skill level 1 in Evocations
 36741 | Vaults:5 | Got a silver rune of Zot
 36752 | Vaults:5 | Found Sekia's Distillery.
 36841 | Vaults:5 | Received a gift from Okawaru
 36849 | Vaults:5 | Noticed an ancient lich
 36866 | Vaults:5 | Killed an ancient lich
 36912 | Vaults:5 | Identified Tohoum Yrhee's Reference Book on Feathery
                  | Moulding
 36979 | Vaults:5 | Got a fine gossamer ring
 36982 | Vaults:5 | Identified the ring of Quitukig {Fire Str+2 Dex+2} (You
                  | found it on level 5 of the Vaults)
 37412 | Vaults:5 | Received a gift from Okawaru
 37445 | Vaults:5 | Found Waraag's Magic Scroll Shop.
 37449 | Vaults:5 | Bought a scroll of immolation for 52 gold pieces
 37449 | Vaults:5 | Bought a scroll of fear for 52 gold pieces
 37554 | Vaults:5 | Got a steaming lead amulet
 37563 | Vaults:5 | Identified the amulet "Xoxzizoh" {Inacc rC+ Str+3} (You
                  | found it on level 5 of the Vaults)
 37746 | Vaults:5 | Got a steaming lead ring
 37970 | Vaults:5 | Bought a scroll of identify for 44 gold pieces
 37970 | Vaults:5 | Bought a scroll of identify for 44 gold pieces
 37970 | Vaults:5 | Bought a scroll of identify for 44 gold pieces
 37971 | Vaults:5 | Identified the ring "Umumus" {MR+ MP+9} (You found it on
                  | level 5 of the Vaults)
 38244 | Elf:1    | Entered Level 1 of the Elven Halls
 38264 | Elf:1    | Reached skill level 5 in Invocations
 38991 | Elf:1    | Received a gift from Okawaru
 38991 | Elf:1    | Reached skill level 5 in Evocations
 39010 | Elf:1    | Found a runed translucent gate.
 39010 | Elf:1    | Found a runed translucent gate.
 39010 | Elf:1    | Found a runed translucent gate.
 39010 | Elf:1    | Found a runed translucent gate.
 39010 | Elf:1    | Found a runed translucent gate.
 39105 | Elf:1    | Found a runed translucent gate.
 39363 | Elf:1    | Reached skill level 15 in Maces & Flails
 39665 | Elf:2    | Reached XP level 24. HP: 142/164 MP: 17/28
 39793 | Elf:2    | Found a runed translucent gate.
 39796 | Elf:2    | Found a runed translucent gate.
 39797 | Elf:2    | Found a runed translucent gate.
 40092 | Elf:2    | Noticed Agnes
 40104 | Elf:2    | Killed Agnes
 40334 | Elf:2    | Received a gift from Okawaru
 40514 | Elf:3    | Entered Level 3 of the Elven Halls
 40610 | Elf:3    | Noticed Asterion
 40626 | Elf:3    | Killed Asterion
 41236 | Elf:3    | Identified the cursed +1 robe of Articulation {Str+2}
 41263 | Elf:3    | Identified the Almanac of Enthralling Heat
 41427 | Elf:3    | Got a sparkling steel amulet
 41459 | Elf:3    | Identified the amulet of Wishful Thinking {Reflect Int+4
                  | SH+5} (You found it on level 3 of the Elven Halls)
 41984 | Depths:1 | Entered Level 1 of the Depths
 42016 | Depths:1 | Noticed Bai Suzhen
 42049 | Depths:1 | Killed Bai Suzhen
 42295 | Depths:1 | Found a portal to a secret trove of treasure.
 42419 | Depths:1 | Received a gift from Okawaru
 42548 | Depths:1 | Found a gateway to Hell.
 42936 | Depths:2 | Received a gift from Okawaru
 42947 | Depths:2 | Noticed an ancient lich
 42964 | Depths:2 | Reached skill level 10 in Invocations
 43126 | Depths:2 | Killed an ancient lich
 43126 | Depths:2 | Reached XP level 25. HP: 168/172 MP: 3/30
 43299 | Depths:2 | Identified Onaont's Grimoire of the Toxic Compass
 44198 | Depths:3 | Reached skill level 10 in Evocations
 44222 | Depths:3 | Received a gift from Okawaru
 44652 | Depths:3 | Found a runed translucent door.
 44725 | Depths:3 | Noticed a juggernaut
 44733 | Depths:3 | Killed a juggernaut
 44733 | Depths:3 | Noticed a juggernaut
 44738 | Depths:3 | Killed a juggernaut
 44785 | Depths:3 | Found the +3 robe of Clouds {+Thunder rCloud rElec}
 44848 | Depths:3 | Found a one-way gate leading to the halls of Pandemonium.
 44882 | Depths:3 | You fall into a shaft and drop 2 floors!
 44882 | Depths:5 | Entered Level 5 of the Depths
 44891 | Depths:5 | Noticed a juggernaut
 44904 | Depths:5 | Killed a juggernaut
 45037 | Depths:5 | Reached XP level 26. HP: 180/183 MP: 30/30
 45192 | Depths:5 | Found Wica's Gadget Shoppe.
 45193 | Depths:5 | Found Qauriyb's Jewellery Boutique.
 45193 | Depths:5 | Found Tiasatsu's Jewellery Boutique.
 45199 | Depths:5 | Bought the amulet "Jogar" {Reflect rElec MR+ Str+7 Int-3
                  | SH+5} for 928 gold pieces
 45375 | Depths:5 | Found a gate to the Realm of Zot.
 45550 | Depths:5 | Received a gift from Okawaru
 45626 | Depths:5 | Found a gateway to a ziggurat.
 45939 | Depths:5 | Received a gift from Okawaru
 46062 | Depths:4 | Received a gift from Okawaru
 46346 | Depths:4 | Noticed a juggernaut
 46356 | Depths:4 | Killed a juggernaut
 46404 | Depths:4 | Received a gift from Okawaru
 46430 | Depths:4 | Identified the ring of Ruigro {rN+ Str+7}
 46498 | Depths:4 | Reached XP level 27. HP: 187/196 MP: 30/30
 47376 | Depths:3 | Reached skill level 27 in Fighting
 47609 | Zot:1    | Entered Level 1 of the Realm of Zot
 47789 | Zot:1    | You fall into a shaft and drop 1 floor!
 47806 | Zot:2    | Received a gift from Okawaru
 47830 | Zot:2    | Got a distressingly furry tower shield {god gift}
 47831 | Zot:2    | Identified the +8 tower shield of Masochism {Dex+4}
                  | (Okawaru gifted it to you on level 2 of the Realm of Zot)
 48007 | Zot:2    | Got a steaming granite ring
 48220 | Zot:2    | Identified the ring "Damas" {Ice +Fly rElec rPois Str+4}
                  | (You found it on level 2 of the Realm of Zot)
 49353 | Zot:3    | Received a gift from Okawaru
 49564 | Zot:3    | Noticed an orb of fire
 49575 | Zot:3    | Gained mutation: You do not regenerate when monsters are
                  | visible. [an orb of fire]
 49579 | Zot:3    | Lost mutation: You are agile. (Dex +2) [an orb of fire]
 49582 | Zot:3    | Gained mutation: You are frail. (-10% HP) [an orb of fire]
 49593 | Zot:3    | Killed an orb of fire
 49594 | Zot:3    | Lost mutation: You are frail. (-10% HP) [potion of
                  | mutation]
 49594 | Zot:3    | Gained mutation: You are agile. (Dex +2) [potion of
                  | mutation]
 49594 | Zot:3    | Lost mutation: You are agile. (Dex +2) [potion of mutation]
 49594 | Zot:3    | Gained mutation: You are agile. (Dex +2) [potion of
                  | mutation]
 49594 | Zot:3    | Gained mutation: Your spells are a little harder to cast,
                  | but a little more powerful. [potion of mutation]
 49595 | Zot:3    | Lost mutation: You are weak. (Str -2) [potion of mutation]
 49595 | Zot:3    | Lost mutation: You are agile. (Dex +2) [potion of mutation]
 49595 | Zot:3    | Lost mutation: You do not regenerate when monsters are
                  | visible. [potion of mutation]
 49595 | Zot:3    | Gained mutation: Your flesh is cold resistant. (rC+)
                  | [potion of mutation]
 49595 | Zot:3    | Gained mutation: You tend to lose your temper in combat.
                  | [potion of mutation]
 49595 | Zot:3    | Gained mutation: Your flesh is very cold resistant. (rC++)
                  | [potion of mutation]
 49681 | Zot:3    | Received a gift from Okawaru
 49806 | Zot:3    | Received a gift from Okawaru
 49886 | Zot:3    | Found a transporter.
 49888 | Zot:3    | Noticed an orb of fire
 49894 | Zot:3    | Found a shimmering blue altar of Sif Muna.
 49894 | Zot:3    | Noticed an orb of fire
 49921 | Zot:3    | Gained mutation: You often lose your temper in combat. [an
                  | orb of fire]
 49926 | Zot:3    | Killed an orb of fire
 49937 | Zot:3    | Received a gift from Okawaru
 49958 | Zot:3    | Killed an orb of fire
 49959 | Zot:3    | Noticed an ancient lich
 49978 | Zot:3    | Killed an ancient lich
 49978 | Zot:3    | Received a gift from Okawaru
 50082 | Zot:3    | Found a transporter.
 50721 | Zot:4    | Received a gift from Okawaru
 50981 | Zot:5    | Entered Level 5 of the Realm of Zot
 51111 | Zot:5    | Received a gift from Okawaru
 51273 | Zot:5    | Found a large runed translucent door.
 51273 | Zot:5    | Found a large runed translucent door.
 51276 | Zot:5    | Noticed lun's ghost (legendary DsGl)
 51316 | Zot:5    | Killed lun's ghost
 51316 | Zot:5    | Received a gift from Okawaru
 51623 | Zot:5    | Noticed an ancient lich
 51629 | Zot:5    | Noticed an ancient lich
 51638 | Zot:5    | Killed an ancient lich
 51650 | Zot:5    | Killed an ancient lich
 51673 | Zot:5    | Noticed an ancient lich
 51674 | Zot:5    | Noticed an ancient lich
 51675 | Zot:5    | Noticed an orb of fire
 51676 | Zot:5    | Noticed an ancient lich
 51682 | Zot:5    | Killed an ancient lich
 51686 | Zot:5    | Killed an ancient lich
 51692 | Zot:5    | Gained mutation: Your body sometimes deteriorates upon
                  | taking damage. [an orb of fire]
 51693 | Zot:5    | Killed an ancient lich
 51697 | Zot:5    | Gained mutation: Scrolls take you a little longer to read.
                  | [an orb of fire]
 51700 | Zot:5    | Gained mutation: You are weak. (Str -2) [an orb of fire]
 51701 | Zot:5    | Gained mutation: You have an uncontrollable temper. [an orb
                  | of fire]
 51704 | Zot:5    | Gained mutation: You are clumsy. (Dex -2) [mutagenic glow]
 51718 | Zot:5    | Reached skill level 15 in Invocations
 51742 | Zot:5    | Lost mutation: Your spells are a little harder to cast, but
                  | a little more powerful. [an orb of fire]
 51743 | Zot:5    | Killed an orb of fire
 51754 | Zot:5    | Lost mutation: Your body sometimes deteriorates upon taking
                  | damage. [potion of mutation]
 51754 | Zot:5    | Lost mutation: You are weak. (Str -2) [potion of mutation]
 51754 | Zot:5    | Lost mutation: Scrolls take you a little longer to read.
                  | [potion of mutation]
 51754 | Zot:5    | Gained mutation: You have an increased reservoir of magic.
                  | (+10% MP) [potion of mutation]
 51814 | Zot:5    | Gained mutation: You are weak. (Str -2) [mutagenic glow]
 51835 | Zot:5    | Received a gift from Okawaru
 51860 | Zot:5    | Noticed an orb of fire
 51871 | Zot:5    | Gained mutation: Your body sometimes deteriorates upon
                  | taking damage. [mutagenic glow]
 51873 | Zot:5    | Noticed an orb of fire
 51877 | Zot:5    | Gained mutation: You are frail. (-10% HP) [an orb of fire]
 51885 | Zot:5    | Killed an orb of fire
 51885 | Zot:5    | Noticed an ancient lich
 51888 | Zot:5    | Noticed an ancient lich
 51904 | Zot:5    | Killed an ancient lich
 51907 | Zot:5    | Gained mutation: You are very clumsy. (Dex -4) [an orb of
                  | fire]
 51908 | Zot:5    | Killed an ancient lich
 51915 | Zot:5    | Gained mutation: Your spells are a little easier to cast,
                  | but a little less powerful. [an orb of fire]
 51922 | Zot:5    | Gained mutation: Scrolls take you a little longer to read.
                  | [an orb of fire]
 51930 | Zot:5    | Lost mutation: You have an increased reservoir of magic.
                  | (+10% MP) [an orb of fire]
 51931 | Zot:5    | Killed an orb of fire
 51931 | Zot:5    | Reached skill level 27 in Shields
 51984 | Zot:5    | Lost mutation: You are very clumsy. (Dex -4) [potion of
                  | mutation]
 51984 | Zot:5    | Lost mutation: You are frail. (-10% HP) [potion of
                  | mutation]
 51984 | Zot:5    | Lost mutation: You are clumsy. (Dex -2) [potion of
                  | mutation]
 51984 | Zot:5    | Lost mutation: Your spells are a little easier to cast, but
                  | a little less powerful. [potion of mutation]
 52245 | Zot:1    | Noticed an orb of fire
 52245 | Zot:1    | Noticed an orb of fire
 52245 | Zot:1    | Noticed an ancient lich
 52267 | Zot:2    | Gained mutation: Scrolls take you longer to read. [an orb
                  | of fire]
 52270 | Zot:2    | Killed an orb of fire
 52273 | Zot:2    | Gained mutation: You are very weak. (Str -4) [an orb of
                  | fire]
 52275 | Zot:2    | Killed an orb of fire
 52275 | Zot:2    | Received a gift from Okawaru
 52301 | Zot:2    | Got a brightly glowing morningstar {god gift}
 52305 | Zot:2    | Identified the +1 morningstar of Lelida {vorpal, Str+3}
                  | (Okawaru gifted it to you on level 2 of the Realm of Zot)
 52376 | Zot:1    | Killed an ancient lich
 52644 | Zot:1    | Received a gift from Okawaru
 53608 | Zot:1    | Received a gift from Okawaru
 53899 | Trove    | Entered a treasure trove
 53906 | Trove    | Identified Sif Muna's Grimoire of Conjuration and Unholy
                  | Magic
 53926 | Trove    | Identified Sif Muna's Reference Book on Blistering Calling
 53932 | Trove    | Identified Sif Muna's Almanac of Ashen Transmutation
 54245 | Temple   | Fell from the grace of Okawaru
 54245 | Temple   | Became a worshipper of the Shining One
 55007 | Crypt:1  | Entered Level 1 of the Crypt
 55072 | Crypt:1  | Reached * piety under the Shining One
 55092 | Crypt:1  | Reached ** piety under the Shining One
 55571 | D:3      | Fell from the grace of the Shining One
 55571 | D:3      | Became a worshipper of Zin the Law-Giver
 55571 | D:3      | Reached * piety under Zin
 55571 | D:3      | Reached ** piety under Zin
 55571 | D:3      | Reached *** piety under Zin
 55919 | Hell     | Entered the Vestibule of Hell
 55919 | Hell     | Noticed Geryon
 56032 | Hell     | Killed Geryon
 56298 | Hell     | Found a gateway to the freezing wastes of Cocytus.
 56312 | Hell     | Donated 3519 gold pieces to Zin
 56354 | Depths:1 | Reached **** piety under Zin
 56382 | Depths:1 | Voluntarily entered the Abyss.
 56452 | Abyss:1  | Reached ***** piety under Zin
 56717 | Abyss:1  | Reached ****** piety under Zin
 56727 | Abyss:1  | Identified a scroll of acquirement
 56740 | Abyss:1  | Acquired 1310 gold pieces
 56778 | Abyss:1  | Paralysed by you for 5 turns
 56945 | Abyss:1  | Lost mutation: You are very weak. (Str -4) [potion of
                  | mutation]
 56945 | Abyss:1  | Lost mutation: Your flesh is very cold resistant. (rC++)
                  | [potion of mutation]
 56945 | Abyss:1  | Lost mutation: You are weak. (Str -2) [potion of mutation]
 56945 | Abyss:1  | Lost mutation: Scrolls take you longer to read. [potion of
                  | mutation]
 57923 | Abyss:1  | Noticed an ancient lich
 57933 | Abyss:1  | Killed an ancient lich
 58653 | Abyss:3  | Paralysed by accursed screaming for 1 turns
 59482 | Abyss:4  | Found an iron altar of Okawaru.
 59664 | Abyss:4  | Found a glowing golden altar of the Shining One.
 59678 | Abyss:4  | Noticed a juggernaut
 59694 | Abyss:4  | Killed a juggernaut
 59707 | Abyss:4  | Got an abyssal rune of Zot
 59728 | Abyss:5  | Entered Level 5 of the Abyss
 59843 | Abyss:5  | Paralysed by accursed screaming for 1 turns
 59848 | Abyss:5  | Paralysed by accursed screaming for 1 turns
 59922 | Depths:1 | Escaped the Abyss
 60007 | Pan      | Entered Pandemonium
 60392 | Pan      | Noticed Ceplir the pandemonium lord
 60403 | Pan      | Killed Ceplir the pandemonium lord
 60856 | Pan      | HP: 12/298 [smoke demon/divine providence (16)]
 60977 | Pan      | Noticed Suofash the pandemonium lord
 60996 | Pan      | Killed Suofash the pandemonium lord
 61398 | Pan      | Was forgiven by Okawaru
 61509 | Pan      | Got a demonic rune of Zot
 61672 | Pan      | Noticed Jaoqe the pandemonium lord
 61700 | Pan      | Killed Jaoqe the pandemonium lord
 61904 | Pan      | Noticed Xelloigg the pandemonium lord
 61955 | Pan      | Killed Xelloigg the pandemonium lord
 62294 | Pan      | Found a runed translucent door.
 62397 | Pan      | Found a runed translucent door.
 62662 | Pan      | Noticed Teuc the pandemonium lord
 62670 | Pan      | Killed Teuc the pandemonium lord
 63192 | Pan      | Entered the realm of Gloorx Vloq.
 63192 | Pan      | Noticed Gloorx Vloq
 63206 | Pan      | Reached skill level 27 in Armour
 63222 | Pan      | Killed Gloorx Vloq
 63230 | Pan      | HP: 6/199 [soul eater/drain life (9)]
 63340 | Pan      | Acquired 1060 gold pieces
 63435 | Pan      | Got a dark rune of Zot
 64047 | Pan      | Found an exit through the horrors of the Abyss.
 64119 | Pan      | Noticed Vateubesk the pandemonium lord
 64155 | Pan      | Killed Vateubesk the pandemonium lord
 64289 | Pan      | Found an exit through the horrors of the Abyss.
 64423 | Pan      | Entered the realm of Cerebov.
 64959 | Pan      | Identified the +6 sword of Cerebov {flame}
 64959 | Pan      | Noticed Cerebov
 65014 | Pan      | Killed Cerebov
 65110 | Pan      | Got a fiery rune of Zot
 65296 | Pan      | Identified the Compendium of Stones and Augmentations
 65320 | Pan      | Entered the realm of Lom Lobon.
 65727 | Pan      | Noticed Lom Lobon
 65757 | Pan      | Killed Lom Lobon
 65763 | Pan      | Got a magical rune of Zot
 66094 | Pan      | Found an exit through the horrors of the Abyss.
 66258 | Pan      | Entered the realm of Mnoleg.
 66317 | Pan      | Noticed Mnoleg
 66359 | Pan      | Paralysed by a floating eye for 4 turns
 66366 | Pan      | Lost intelligence.
 66370 | Pan      | HP: 7/199 [large abomination[Mnoleg] (10)]
 66370 | Pan      | Mangled by a cacodemon

Illustrated notes

Levels and vault maps discovered:
D:1:      saegor_arrival_simple_b, layout_rooms
D:2:      layout_basic, first_ration, cheibrodos_gnoll_hut, uniq_robin,
          uniq_jessica
D:3:      layout_loops_cross, marbit_many_paths, minmay_snake_closets
D:4:      minmay_inner_zag, layout_basic, nemelex_altar_shiori,
          nrook_mini_backslash, minmay_fractal_squares_5
D:5:      layout_loops_corners, kennysheep_little_box, temple_doors_e,
          serial_shops, shop_fountains, uniq_pikel
D:6:      layout_cave_pools, serial_park, serial_park_gazebo
          [serial_park_minivault_5x5_6], serial_park_square1
          [serial_park_minivault_5x5_7], serial_park_square1
          [serial_park_minivault_5x5_4], gammafunk_ghost_abyssal_escape,
          nicolae_ru_awakened_eye
D:7:      layout_basic, overflow_temple_1_default, old_standard_altar,
          old_standard_altar, the_bakery, grunt_decor_fettered,
          nicolae_benzene_ring, nicolae_lava_and_water
D:8:      layout_loops_ring, nicolae_qazlal_style_of_elements, uniq_gastronok,
          uniq_grum
D:9:      lemuel_insect_pit, layout_irregular_city,
          regret_index_temple_of_mockery, serial_shops, shop
D:10:     layout_roguey, grunt_lair_entry_orc_guard_hut, david_orc_3,
          ebering_ghost_gozag, serial_glass, glass_columns_a, glass_columns_b,
          glass_columns_a, glass_columns_a, fedhas_altar_1
D:11:     layout_rooms, serial_shops, shop, david_defended_altar_elf
D:12:     layout_loops_cross, minmay_misc_feat_secret_circle,
          nicolae_dithmenos_the_darkroom, uniq_erolcha
D:13:     layout_grid_maze, lightli_vaults_fourway_checkpoint,
          hellmonk_ghost_happy_afterlife, basic_altar, serial_shops, shop_coins
D:14:     layout_roguey, hangedman_decor_lopped
D:15:     grunt_enter_depths_magical_seal, layout_basic, patterned_corridor,
          hangedman_parallel_progression
Temple:   dpeg_chambers_temple
Lair:1:   layout_cave_pods, lemuel_fruit_fields, uniq_joseph, uniq_fannar
Lair:2:   layout_long_grid, infiniplex_staircase_pool, grunt_megastairs_5
Lair:3:   layout_cellular_growth, dummy_spider_entry
Lair:4:   layout_hall_layers, minmay_swamp_entry_swarm
Lair:5:   gammafunk_lair_enchanted_lake, layout_small_grid,
          dpeg_slime_entry_enclosed_altar, serial_rivers,
          chequers_serial_rivers_micro_a, chequers_serial_rivers_micro_c,
          chequers_serial_rivers_large_b, chequers_serial_rivers_room_b,
          gauntlet_entry_generic, roderic_batcave, serial_bayou_crossing,
          uniq_urug
Lair:6:   cheibrodos_lair_end_hotspot, layout_cave_pods, serial_bayou_shore_b,
          uniq_kirke
Swamp:1:  layout_basic_swamp, evilmike_swamp_ruin_house_5
Swamp:2:  layout_basic_swamp, hangedman_swamp_lotus
Swamp:3:  layout_falls_marsh, evilmike_swamp_ruin_rubble_2, swamp_pool2
Swamp:4:  grunt_swamp_rune_castle, layout_basic_swamp
Spider:1: layout_spider_delve, nicolae_spider_shape
Spider:2: nicolae_spider_mines_3, drop_trap, hangedman_stitches_earthworm
Spider:3: layout_chambers, nicolae_spider_stair_cavern
Spider:4: grunt_spider_rune_circles, drop_trap, nicolae_orb_island
Orc:1:    layout_diamond_mine, gammafunk_ghost_arena
Orc:2:    st_orc_ogre_mass, layout_caves
Elf:1:    minmay_elf_arrival_plus, layout_onion_city, orc_legates
Elf:2:    layout_gridlike, uniq_agnes
Elf:3:    elf_hall_gauntlet_wide, layout_gridlike, uniq_asterion
Vaults:1: nicolae_vaults_mini_display_case, v_misc_27, v_misc_26,
          nicolae_vaults_rhombus_5, grunt_vaults_diagonal, vaults_mumra_hexcomb,
          nicolae_vaults_quartermaster, nicolae_vaults_network_star,
          hangedman_vaults_nodes, v_misc_25, vaults_dpeg_doors,
          layout_vaults_omnibox, serial_shops, bzr_entry_safe,
          nicolae_shop_window_shopping, nicolae_shop_waterfront, shop_fountains,
          uniq_saint_roka
Vaults:2: v_alt_pattern_5, nicolae_vaults_circle_grid_b,
          nicolae_vaults_network_periphery, ontoclasm_vaults_shuriken,
          nicolae_vaults_angled_halls, dpeg_vaults_waves, vaults_room_pools,
          ontoclasm_vaults_gateway, nicolae_vaults_theta, nicolae_vaults_big_ls,
          grunt_vaults_funnel, layout_vaults_big_room, uniq_sojobo
Vaults:3: ontoclasm_vaults_tryst, minmay_crypt_entry_skeletal_spiral,
          st_spiral_rooms, vaults_room_corners, hangedman_vaults_snaps,
          vaults_standard_mumra_x, nicolae_vaults_specimen_jars,
          grunt_vaults_swirl, nicolae_vaults_network_s,
          vaults_mumra_chevron_long, v_misc_2, layout_vaults_big_cross
Vaults:4: v_rooms_2, v_misc_17, nicolae_vaults_little_squares_1,
          ontoclasm_vaults_pinch, vaults_mumra_chevron, st_check,
          ontoclasm_vaults_spin, nicolae_vaults_little_ls, vaults_room_hallway,
          nicolae_vaults_yaktaur_gun_rack, vaults_room_hallway,
          layout_vaults_omnigrid, uniq_mennas, uniq_aizul
Vaults:5
Crypt:1:  layout_misc_corridors
Depths:1: layout_forbidden_donut, hangedman_abyss_entry_splay,
          minmay_misc_feat_tower, pf_coc_iceberg,
          nicolae_trove_entry_free_sample, dk_noncrumbling_2,
          minmay_misc_feat_x, minmay_gold_behind_fungi, kennysheep_potato,
          uniq_bai_suzhen
Depths:2: hangedman_crystal_crosses_colossus [crystal_crosses_arms_four,
          crystal_crosses_arms_four, crystal_crosses_arms_two,
          crystal_crosses_arms_one], abyss_entry, hell_entry
Depths:3: minmay_the_grid_triangle_9x9_rhombus_thin
          [minmay_the_grid_triangle_9x9_subtriangle,
          minmay_the_grid_triangle_9x9_prize_top_heavy,
          minmay_the_grid_triangle_9x9_windchime,
          minmay_the_grid_triangle_9x9_zippers_vertical], layout_small_grid,
          abyss_entry, hell_entry, pan_entry, small_statue_intersection
Depths:4: grunt_twisty_corner, layout_cave_pools, grunt_hell_entry_dis_mu,
          chequers_jeans, abyss_entry, chequers_serial_rivers_small_3,
          minmay_misc_feat_iff
Depths:5: grunt_zot_entry_bicorn, layout_honeycomb, enter_ziggurat_e,
          minmay_crystal_room, hell_entry, minmay_shop_grove
Hell
Zot:1:    grunt_deathspiral_small, layout_cathedral_of_symmetry
Zot:2:    kennysheep_six_static_rooms, layout_twisted_circle,
          st_small_dragon_hoard_3, hangedman_spider_trapstep
Zot:3:    gammafunk_sealed_library, layout_twisted_circle
Zot:4:    layout_misc_corridors
Zot:5:    layout_gridlike, ebering_ghost_disaster_area
Pan:      evilmike_mini_pan_diamond, layout_basic, lemuel_hall_of_pain,
          layout_rooms, rand_demon_6, layout_gridlike, pan_blood_fountain,
          regret_index_pan_draining_boxed, layout_basic,
          pan_blood_fountain_small, nicolae_pan_gloorx_vloqian_2, rand_demon_9,
          layout_grid_shapes, gloorx_vloq_st, layout_stronghold,
          grunt_pan_frozen_over, layout_gridlike, pan_blood_fountain_small,
          nicolae_pan_lom_lobonic_1, evilmike_mini_pan_corridor,
          layout_onion_city, pan_blood_fountain, cerebov, layout_irregular_city,
          nicolae_pan_gloorx_vloqian_2, lom_lobon, layout_long_grid,
          evilmike_mini_pan_doors_b, layout_pan_divisions_b
          [pan_division_quadrant_b1, pan_division_quadrant_b5,
          pan_division_quadrant_b2, pan_division_quadrant_b3],
          nicolae_pan_gloorx_vloqian_3, reaverb_pan_squares,
          evilmike_mini_pan_T, layout_cellular_growth, mnoleg,
          layout_pan_divisions_a [pan_division_quadrant_a4,
          pan_division_quadrant_a2, pan_division_quadrant_a4,
          pan_division_quadrant_a3, pan_division_octagon_rings]

Skill      XL: |  1  2  3  4  5  6  7  8  9 10 11 12 13 14 15 16 17 18 19 20 21 22 23 24 25 26 27 |
---------------+----------------------------------------------------------------------------------+-----
Fighting       | 4 5 9 10 11 13 15 17 18 20 21 23 26 27 | 27.0
Shields        | 4 5 9 13 15 17 18 20 22 24 25 27 | 27.0
Maces & Flails | 3 5 6 8 12 14 15 16 17 26 | 26.0
Throwing       | 3 5 7 9 10 | 10.0
Armour         | 4 8 10 12 16 19 20 27 | 27.0
Invocations    | 6 10 24 | 24.7
Evocations     | 5 8 10 | 10.0

Action                   |  1- 3 |  4- 6 |  7- 9 | 10-12 | 13-15 | 16-18 | 19-21 | 22-24 | 25-27 || total
-------------------------+-------+-------+-------+-------+-------+-------+-------+-------+-------++-------
Melee: Flail             |   170 |   187 |   143 |       |       |       |       |       |       ||   500
       Whip              |       |       |   229 |   478 |       |       |       |       |       ||   707
       Unarmed           |       |       |     1 |       |       |       |       |       |       ||     1
       Mace              |       |       |       |   178 |   222 |       |       |       |       ||   400
       Shillelagh        |       |       |       |       |   555 |  1102 |  1058 |  1014 |  5005 ||  8734
Throw: Dart              |       |     4 |    13 |    18 |       |       |       |       |       ||    35
       Javelin           |       |       |       |       |       |       |       |    20 |    19 ||    39
Invok: Finesse           |       |       |       |       |     1 |       |       |     1 |     5 ||     7
       Recite            |       |       |       |       |       |       |       |       |    11 ||    11
       Sanctuary         |       |       |       |       |       |       |       |       |     1 ||     1
       Donate Gold       |       |       |       |       |       |       |       |       |     1 ||     1
 Abil: Fly               |       |       |       |       |       |     1 |       |     1 |     1 ||     3
       Stop Flying       |       |       |       |       |       |       |     1 |     1 |     1 ||     3
Evoke: Wand              |       |       |     2 |       |       |       |       |       |     3 ||     5
  Use: Scroll            |     5 |     4 |     6 |     7 |     7 |     6 |     8 |    16 |    11 ||    70
       Potion            |       |       |       |       |     1 |     1 |       |     4 |    27 ||    33
 Stab: Distracted        |       |       |       |       |       |     1 |     1 |       |       ||     2
       Confused          |       |       |       |       |       |       |       |       |     8 ||     8
       Invisible         |       |       |       |       |       |       |       |       |     1 ||     1
  Eat: Chunk             |     1 |     6 |    14 |    19 |    18 |    25 |    17 |    25 |    34 ||   159
       Ration            |       |       |       |       |     2 |     1 |     1 |       |    14 ||    18
Armor: Scale mail        |   146 |    71 |    70 |       |       |       |       |       |       ||   287
       Chain mail        |       |       |    29 |    92 |       |       |       |       |       ||   121
       Plate armour      |       |       |       |   100 |   205 |   498 |   415 |   431 |  1830 ||  3479
Dodge: Dodged            |    68 |    45 |    45 |    83 |    72 |   169 |   140 |   132 |   633 ||  1387
       Repelled          |       |       |       |       |    10 |    10 |       |       |       ||    20
Block: Kite shield       |   127 |   137 |   124 |    64 |   500 |   953 |   882 |   386 |       ||  3173
       Buckler           |       |       |    56 |   252 |       |       |       |       |       ||   308
       Reflection        |       |       |       |     7 |    43 |    16 |   100 |   105 |   199 ||   470
       Tower shield      |       |       |       |       |       |       |       |   736 |  6097 ||  6833
